 Dungeon Crawl Stone Soup version 0.30-a0-862-g1aabd4f9c5 (webtiles) character file.

Game seed: 16359920807112542865

7326 cheesebisquit the Zephyrmancer (level 10, -2/77 HPs)
             Began as a White Draconian Air Elementalist on Mar 8, 2023.
             Was an Initiate of Qazlal.
             Slain by a gnoll sergeant
             ... wielding a +0 trident of venom
              (8 damage)
             ... on level 8 of the Dungeon.
             The game lasted 00:30:54 (10333 turns).

cheesebisquit the Zephyrmancer (DrAE)              Turns: 10333, Time: 00:30:55

Health: -2/77      AC: 10    Str: 11    XL:     10   Next: 90%
Magic:  7/23       EV: 12    Int: 20    God:    Qazlal [......]
Gold:   404        SH:  0    Dex: 11    Spells: 17/27 levels left

rFire   . . .      SeeInvis .    u - staff of air
rCold   + . .      Faith    .    (no shield)
rNeg    . . .      Spirit   .    (body armour unavailable)
rPois   .          Reflect  .    (helmet restricted)
rElec   +          Rampage  .    p - +1 cloak
rCorr   .                        (no gloves)
Will    .....                    (no boots)
Stlth   ++                       (no amulet)
HPRegen 0.32/turn                (no ring)
MPRegen 0.18/turn                (no ring)

@: lethally poisoned (-2 -> -28), attractive
A: breathe frost, AC +7, unfitting armour, cold resistance 1, cold-blooded,
shaggy fur 1, MP-powered wands
a: Breathe Frost, Renounce Religion


You were on level 8 of the Dungeon.
You worshipped Qazlal.
Qazlal was noncommittal.
You visited 1 branch of the dungeon, and saw 8 of its levels.
You also visited: Sewer.

You collected 404 gold pieces.

Inventory:

Hand Weapons
 g - the +4 trident of Fundamental Breach {freeze, Fragile rF- rN++ SInv}
   (You found it on level 6 of the Dungeon)

   rF:        It makes you vulnerable to fire.
   rN:        It greatly protects you from negative energy.
   SInv:      It lets you see invisible.
   Fragile:   It will be destroyed if unequipped.
Missiles
 n - 14 poisoned darts
 y - 5 boomerangs
 z - a boomerang of dispersal
Armour
 p - a +1 cloak (worn)
Magical Staves
 f - a staff of conjuration
 u - a staff of air (weapon)
Jewellery
 a - a ring of fire
 x - an amulet of guardian spirit
Wands
 v - a wand of digging (2)
 J - a wand of iceblast (7)
Scrolls
 b - a scroll of poison {unknown}
 c - 6 scrolls of teleportation
 e - a scroll of amnesia
 j - 2 scrolls of torment
 k - a scroll of vulnerability
 w - a scroll of enchant armour {unknown}
 C - a scroll of silence {unknown}
 E - a scroll of brand weapon {unknown}
 F - a scroll of immolation {unknown}
 G - a scroll of noise {unknown}
 H - 4 scrolls of fear {unknown}
 I - a scroll of magic mapping {unknown}
Potions
 h - a potion of lignification
 l - a potion of berserk rage
 r - a potion of invisibility {unknown}
 s - 2 potions of might
 t - a potion of brilliance {unknown}
 A - a potion of cancellation {unknown}
 B - a potion of attraction


   Skills:
 - Level 3.5 Fighting
 + Level 4.4 Staves
 - Level 1.9 Dodging
 - Level 1.9 Stealth
 + Level 9.3 Spellcasting
 - Level 3.8 Conjurations
 * Level 13.6 Air Magic
 + Level 4.7 Evocations


You had 17 spell levels left.
You knew the following spells:

 Your Spells              Type           Power      Damage    Failure   Level
a - Shock                 Conj/Air       100%       1d9       1%          1
b - Static Discharge      Conj/Air       100%       2-7/arc   1%          2
c - Swiftness             Air            77%        N/A       1%          3
d - Airstrike             Air            38%        2d(6-22)  1%          4

Your spell library contained the following spells:

 Spells                   Type           Power      Damage    Failure   Level
 Kindle Blastsparks       Fire/Tloc/Air  82%        2d16      3%          3
 Blink                    Tloc           18%        N/A       12%         2
 Sublimation of Blood     Necr           9%         N/A       12%         2
 Wereblood                Tmut           9%         N/A       12%         2
 Fulminant Prism          Conj/Hex       8%         3d6       34%         4
 Iskenderun's Mystic Bla  Conj/Tloc      16%        2d5       34%         4
 Manifold Assault         Tloc           9%         N/A       58%         4
 Irradiate                Conj/Tmut      8%         3d14      67%         5
 Blade Hands              Tmut           4%         N/A       91%         5
 Lee's Rapid Deconstruct  Erth           4%         3d5*      91%         5
 Storm Form               Tmut/Air       26%        N/A       98%         7
 Dragon Form              Tmut           4%         N/A       100%        7
 Summon Hydra             Summ           4%         N/A       100%        7


Dungeon Overview and Level Annotations

Branches:
Dungeon (8/15)             Temple (0/1) D:5           Sewer (visited)
   Lair: D:8-11

Altars:
Ashenzari
Gozag
Kikubaaqudgha
Makhleb
Okawaru
Qazlal
Xom
Zin

Shops:
D:4 (

Annotations:
D:4 1 runed translucent door, BigDaddyOpFi's ghost, amateur MeEE


Innate Abilities, Weirdness & Mutations

You can breathe waves of freezing cold which knock back foes.
Your icy white scales are hard. (AC +7)
You cannot fit into any form of body armour.
Your flesh is cold resistant. (rC+)
You are cold-blooded and may be slowed by cold attacks.
You are covered in fur. (AC +1)
You expend magic power (3 MP) to strengthen your wands.


Message History

The gnoll sergeant hits you from afar with a +0 trident of venom.
You are poisoned.
A gnoll comes into view. It is wielding a +1 flail of draining.
You feel a surge of power!
The zap misses the killer bee.
The zap hits the gnoll.
You kill the gnoll!
Qazlal accepts your kill.
The zap hits the gnoll.
You kill the gnoll!
Qazlal accepts your kill.
The gnoll shouts!
You feel very sick. The killer bee stings you.
The killer bee stings you but does no damage.
The gnoll sergeant hits you from afar with a +0 trident of venom!
You are more poisoned.
Okay, then.
You feel very sick. The killer bee barely misses you.
The killer bee stings you.
You are more poisoned.
The killer bee poisons you!
The gnoll sergeant hits you from afar with a +0 trident of venom!
* * * LOW HITPOINT WARNING * * *
You are more poisoned.
It was a potion of attraction.
You feel attractive to monsters.
* * * LOW HITPOINT WARNING * * *
You feel extremely sick. The killer bee barely misses you.
The gnoll sergeant barely misses you. The killer bee barely misses you.
The gnoll is attracted toward you. x2
It was a potion of mutation.
You feel extremely strange. Fur sprouts all over your body.
You feel your magical essence link to the dungeon's wands.
* * * LOW HITPOINT WARNING * * *
You feel extremely sick. The killer bee barely misses you.
The killer bee stings you but does no damage.
The gnoll closely misses you.
The gnoll sergeant hits you from afar with a +0 trident of venom!
You die...

#<# #†# #.#
#.# #.# # #.#
#.## #.#
[.... #.#
......#@####
..)§.gy....#
....gg#.....#
......#######
...§. .....
.... ####


You could see a gnoll sergeant, a killer bee and 2 gnolls.

Vanquished Creatures
  7 yaks
  A wyvern (D:8)
  2 water moccasins (D:6)
  2 ice beasts
  A black bear (D:6)
  2 sky beasts
  3 centaurs
  2 ogres
  A phantom (D:2)
  3 bullfrogs
  4 scorpions
  3 killer bees (D:8)
  2 howler monkeys
  4 jellies
  2 hounds
  3 orc priests
  3 iguanas
  5 orc wizards
  Robin (D:2)
  10 adders
  3 gnolls (D:8)
  6 river rats
  A white imp (D:7)
  An ufetubus (D:5)
  2 worms
  A dart slug (D:4)
  27 orcs
  17 ball pythons
  3 bats (D:1)
  8 endoplasms
  3 giant cockroaches
  13 goblins
  6 hobgoblins
  A jackal (D:4)
  7 kobolds
  4 quokkas
  3 frilled lizards
  24 rats
191 creatures vanquished.

Vanquished Creatures (others)
  A scorpion (D:4)
  An iguana (D:4)
  An orc wizard (D:5)
  An adder (D:4)
  A kobold (D:4)
5 creatures vanquished.

Grand Total: 196 creatures vanquished

Notes
Turn   | Place    | Note
-------+----------+-------------------------------------------
     0 | D:1      | cheesebisquit the Draconian Air Elementalist began the
                  | quest for the Orb.
     0 | D:1      | Reached XP level 1. HP: 14/14 MP: 3/3
   303 | D:1      | Reached XP level 2. HP: 20/20 MP: 3/5
   476 | D:1      | Learned a level 2 spell: Static Discharge
  1662 | D:2      | Reached XP level 3. HP: 26/26 MP: 4/6
  2090 | D:2      | Noticed Robin
  2093 | D:2      | Killed Robin
  2548 | D:2      | Reached XP level 4. HP: 24/33 MP: 1/8
  2729 | D:3      | Noticed a phantom
  2914 | D:2      | Killed a phantom
  2915 | D:2      | Reached skill level 4 in Air Magic
  2915 | D:2      | Reached XP level 5. HP: 25/38 MP: 6/9
  3017 | D:3      | Found a glowing drain.
  3028 | Sewer    | Entered a sewer
  3758 | Sewer    | Reached XP level 6. HP: 45/45 MP: 8/11
  3775 | Sewer    | Reached skill level 5 in Air Magic
  4451 | D:3      | Found an opulent altar of Gozag.
  4812 | D:4      | Your scales start taking on an icy white colour.
  4812 | D:4      | Reached XP level 7. HP: 31/50 MP: 0/13
  4812 | D:4      | Gained mutation: Your flesh is cold resistant. (rC+) [White
                  | Draconian growth]
  4823 | D:4      | Learned a level 3 spell: Swiftness
  4828 | D:4      | Learned a level 4 spell: Airstrike
  4925 | D:4      | Found a broken altar of Ashenzari.
  4964 | D:4      | Found Raett's Antique Weapon Emporium.
  5251 | D:4      | Reached skill level 6 in Air Magic
  5345 | D:4      | Found a shimmering altar of Xom.
  5357 | D:4      | Found a runed translucent door.
  5357 | D:4      | Noticed BigDaddyOpFi's ghost (amateur MeEE)
  5381 | D:4      | Found a glowing silver altar of Zin.
  5575 | D:5      | Entered Level 5 of the Dungeon
  5582 | D:5      | Reached skill level 11 in Air Magic
  5582 | D:5      | Reached XP level 8. HP: 57/57 MP: 15/20
  5714 | D:5      | Reached skill level 12 in Air Magic
  5833 | D:5      | Found an ancient bone altar of Kikubaaqudgha.
  5835 | D:5      | Found a burning altar of Makhleb.
  6529 | D:5      | Found a staircase to the Ecumenical Temple.
  7004 | D:6      | You fall into a shaft and drop 1 floor!
  7215 | D:7      | Reached XP level 9. HP: 54/62 MP: 15/21
  7465 | D:6      | Reached skill level 1 in Evocations
  7613 | D:6      | Reached skill level 1 in Staves
  7924 | D:6      | Found an iron altar of Okawaru.
  8257 | D:6      | Identified the +4 trident of Fundamental Breach {freeze,
                  | Fragile rF- rN++ SInv}
  9030 | D:6      | Reached skill level 13 in Air Magic
  9030 | D:6      | Reached XP level 10. HP: 11/77 MP: 21/23
  9031 | D:6      | HP: 2/77 [yak (9)]
  9366 | D:7      | Found a stormy altar of Qazlal.
  9397 | D:7      | Became a worshipper of Qazlal Stormbringer
 10333 | D:8      | Gained mutation: You are covered in fur. (AC +1) [potion of
                  | mutation]
 10333 | D:8      | Gained mutation: You expend magic power (3 MP) to
                  | strengthen your wands. [potion of mutation]
 10333 | D:8      | Slain by a gnoll sergeant

Illustrated notes

Levels and vault maps discovered:
D:1:      eino_arrival_water_star, layout_basic, hangedman_decor_push,
          nrook_campfire
D:2:      layout_loops_corners, kennysheep_potato, uniq_robin
D:3:      layout_rooms, lemuel_tele_altar, gup_sewer_entry_bowl, serial_curves,
          eino_curves_01, eino_curves_04, minmay_misc_feat_five
D:4:      layout_basic, overflow_temple_1_default, mainiacjoe_overflow_24_doors,
          xom_confusion_cloud, ebering_ghost_reflecting_pool, serial_shops,
          nicolae_shop_overgrown_old_shop
D:5:      layout_loops_corners, mainiacjoe_overflow_catwalk_spiral,
          minmay_temple_entry_nine_rooms
D:6:      layout_basic, okawaru_gym_becter, amethyst_killhole
D:7:      layout_layer_cave, mainiacjoe_overflow_cross_hatched
D:8:      layout_basic, cheibriados_altar_1, serial_curves, eino_curves_02,
          eino_curves_03, eino_curves_02, eino_curves_02, minmay_holes,
          amcnicky_mini_corridor_feature, minmay_shop_damaged, uniq_pikel,
          uniq_psyche

Skill      XL: |  1  2  3  4  5  6  7  8  9 10 |
---------------+-------------------------------+-----
Conjurations   | 2 3 |  3.8
Spellcasting   | 3 4 8 9 |  9.3
Air Magic      | 4 5 11 12 13 | 13.6
Evocations     | 4 |  4.7
Staves         | 3 4 |  4.4
Fighting       | 3 |  3.5
Dodging        | |  1.9
Stealth        | |  1.9

Action                     |  1- 3 |  4- 6 |  7- 9 | 10-12 || total
---------------------------+-------+-------+-------+-------++-------
  Melee: Unarmed           |    11 |       |       |    19 ||    30
         Tailslap          |     2 |     5 |     4 |     4 ||    15
         Club              |     1 |       |       |       ||     1
         Staff             |    11 |    13 |    87 |    24 ||   135
         Punch             |       |       |       |     2 ||     2
   Cast: Shock             |    70 |   151 |   197 |    76 ||   494
         Static Discharge  |       |     5 |       |     4 ||     9
Ability: Breathe Frost     |       |       |     3 |       ||     3
    Use: Scroll            |     6 |     1 |     7 |     1 ||    15
         Potion            |       |     2 |     5 |     9 ||    16
 Armour: Skin              |     8 |    29 |    80 |    57 ||   174
  Dodge: Dodged            |    28 |    47 |    42 |    53 ||   170

Table legend: (Time is in decaauts)
 A = Elapsed time spent in this place.
 B = Non-inter-level travel time spent in this place.
 C = Inter-level travel time spent in this place.
 D = Time resting spent in this place.
 E = Time spent auto-exploring this place.
 F = Levels seen in this place.
 G = Mean time per level.
                   A        B        C        D        E       F      G
               +--------+--------+--------+--------+--------+-----+--------+
         Total |  10382 |   9852 |    530 |    563 |   8023 |   9 | 1153.6 |
       Dungeon |   9453 |   8923 |    530 |    445 |   7334 |   8 | 1181.6 |
         Sewer |    928 |    928 |      0 |    118 |    689 |   1 |  928.0 |
               +--------+--------+--------+--------+--------+-----+--------+

Top non-repeatable levels by time:
     D:6: 1976 daAuts
     D:2: 1705 daAuts
     D:5: 1369 daAuts
     D:7: 1309 daAuts
     D:1: 1162 daAuts
     D:4: 978 daAuts
   Sewer: 928 daAuts
     D:3: 884 daAuts
     D:8: 67 daAuts
